 Dungeon Crawl Stone Soup version 0.19.0-9-gfd783f2 (webtiles) character file.

757 JeffiDaFish the Shield-Bearer (level 7, -1/44 HPs)
             Began as a Gargoyle Fighter on Nov 8, 2016.
             Slain by an orc warrior
             ... wielding a +0 trident
              (10 damage)
             ... in a bailey.
             The game lasted 00:09:40 (4389 turns).

JeffiDaFish the Shield-Bearer (Gargoyle Fighter)    Turns: 4389, Time: 00:09:41

Health: -1/44      AC: 14    Str: 26 (27) XL:     7   Next: 79%
Magic:  7/7        EV:  7    Int:  5 (8)  God:
Gold:   370        SH: 12    Dex: 11      Spells: 0 memorised, 6 levels left

rFire  + . .     SeeInvis +     a - +1 flail
rCold  . . .     Gourm    .     s - +0 chain mail
rNeg   + . .     Faith    .     c - +1 shield
rPois  ∞         Spirit   .     (no helmet)
rElec  +         Reflect  .     (no cloak)
rCorr  +         Harm     .     (no gloves)
MR     .....                    (no boots)
Stlth  ..........               (no amulet)
                                r - ring of resist corrosion
                                l - ring of protection from fire

@: mighty
A: talons 1, thin skeletal structure 1, see invisible, negative energy
resistance 1, screaming 1, electricity resistance, unbreathing, petrification
resistance, rot immunity, AC +4
a: no special abilities


You were in a bailey.
You were not hungry.

You visited 1 branch of the dungeon, and saw 6 of its levels.
You also visited: Sewer and Bailey.

You collected 370 gold pieces.

Inventory:

Hand Weapons
 a - a +1 flail (weapon)
Armour
 c - a +1 shield (worn)
 s - a +0 chain mail (worn)
Jewellery
 l - a ring of protection from fire (left hand)
 o - an uncursed amulet of faith
 r - a ring of resist corrosion (right hand)
Wands
 n - a wand of hasting (7/9)
Scrolls
 k - 4 scrolls of identify
 p - 2 scrolls of amnesia
 q - 3 scrolls of teleportation
Potions
 e - a potion of agility
 g - a potion of curing
Comestibles
 b - 4 fruits
 f - 9 bread rations
 h - a royal jelly
 i - 3 slices of pizza
 j - 2 beef jerkies
 m - 2 chunks of flesh


   Skills:
 + Level 4.4 Fighting
 + Level 5.3 Maces & Flails
 + Level 4.8 Armour
 + Level 1.4 Dodging
 + Level 1.0 Stealth
 + Level 5.8 Shields


You had 6 spell levels left.
You didn't know any spells.

Dungeon Overview and Level Annotations

Branches:
Dungeon (7/15)
 Temple: D:4-7

Altars:


Innate Abilities, Weirdness & Mutations

You are resistant to torment.
Your stone body is resilient. (AC +4)
You are immune to poison.
You resist negative energy. (rN+)
You are resistant to electric shocks. (rElec)
You can survive without breathing.
You are immune to petrification.
You are immune to rotting.
You have sharp toenails.
You have a somewhat thin skeletal structure. (Dex +2, Stealth)
You have supernaturally acute eyesight. (SInv)
You occasionally shout uncontrollably at your foes.


Message History

You are too injured to fight recklessly!
You feel better. You block the orc warrior's attack.
You feel very mighty all of a sudden. The orc warrior barely misses you.
You are too injured to fight recklessly!
You are too injured to fight recklessly!
You are too injured to fight recklessly!
You hit the orc warrior. Your kick misses the orc warrior.
The orc warrior is lightly wounded.
The orc warrior barely misses you.
You sock the orc warrior! Your kick misses the orc warrior.
The orc warrior is heavily wounded.
The orc warrior barely misses you.
You hit the orc warrior. You claw the orc warrior.
The orc warrior is severely wounded.
You block the orc warrior's attack.
You hit the orc warrior. You claw the orc warrior.
The orc warrior is almost dead.
The orc warrior hits you with a trident!
You die...

########### ### ##.........##
####∩#
##..≈≈≈≈≈≈≈).#######..∩##
##..≈≈.....≈≈...##...####
####..≈≈..###.o≈@.##.########
.....≈≈..## ##oo.##.........#
≈≈≈≈≈≈..## #######≈≈≈≈≈≈≈.#
.......## #####..≈.# ########
#####.≈.# ... $$.##.≈.# #...
##..≈.# ##.## ##..≈≈.# .#+#
#..≈≈.∩#


You could see an orc warrior and 2 orcs.

Vanquished Creatures
  Purgy (Sewer)
  An ogre (D:4)
  A bullfrog (D:7)
  A scorpion (D:7)
  Crazy Yiuf (D:4)
  A hound (D:4)
  Natasha (thrice) (D:2)
  2 iguanas (D:4)
  2 worker ants
  A hound skeleton (D:7)
  9 adders
  2 shadow imps (D:5)
  2 oozes
  3 worms
  2 dart slugs
  7 leopard geckos
  7 orcs
  2 ball pythons
  6 giant cockroaches
  16 goblins
  2 hobgoblins (D:1)
  3 jackals (D:1)
  A quokka (D:5)
  9 bats
  3 frilled lizards
  9 kobolds
  A quokka zombie (D:5)
  9 rats
107 creatures vanquished.

Notes
Turn   | Place    | Note
-------+----------+-------------------------------------------
     0 | D:1      | JeffiDaFish the Gargoyle Fighter began the quest for the Orb.
     0 | D:1      | Reached XP level 1. HP: 14/14 MP: 1/1
   158 | D:1      | Reached XP level 2. HP: 19/19 MP: 2/2
   390 | D:1      | Reached XP level 3. HP: 23/23 MP: 3/3
   820 | D:2      | Reached XP level 4. HP: 19/29 MP: 4/4
  1383 | D:2      | Noticed Natasha
  1400 | D:2      | Killed Natasha
  1459 | D:2      | Noticed Natasha
  1466 | D:2      | Killed Natasha
  1466 | D:2      | Reached XP level 5. HP: 16/33 MP: 5/5
  1555 | D:2      | Noticed Natasha
  1558 | D:2      | Killed Natasha
  1889 | D:3      | Found a glowing drain.
  1894 | Sewer    | Entered a sewer
  1900 | Sewer    | Noticed Purgy
  1920 | Sewer    | Killed Purgy
  1920 | Sewer    | Reached XP level 6. HP: 15/38 MP: 6/6
  2121 | Sewer    | Gained mutation: You have a somewhat thin skeletal structure. (Dex +2, Stealth) [potion of mutation]
  2121 | Sewer    | Gained mutation: You have sharp toenails. [potion of mutation]
  2121 | Sewer    | Gained mutation: You occasionally shout uncontrollably at your foes. [potion of mutation]
  2541 | D:3      | Reached skill level 1 in Dodging
  2562 | D:3      | Gained mutation: You have supernaturally acute eyesight. (SInv) [potion of beneficial mutation]
  2884 | D:4      | Reached skill level 5 in Shields
  2940 | D:4      | Reached XP level 7. HP: 13/44 MP: 7/7
  3471 | D:4      | Found a runed door.
  3475 | D:4      | Noticed Crazy Yiuf
  3483 | D:4      | Killed Crazy Yiuf
  3483 | D:4      | Reached skill level 1 in Stealth
  3682 | D:5      | Entered Level 5 of the Dungeon
  3997 | D:5      | You fall through a shaft for 2 floors!
  4003 | D:7      | Reached skill level 5 in Maces & Flails
  4260 | D:7      | Found a flagged portal.
  4273 | Bailey   | Entered a bailey
  4389 | Bailey   | Slain by an orc warrior

Skill      XL: |  1  2  3  4  5  6  7 |
---------------+----------------------+-----
Shields        | 4 5 |  5.8
Fighting       | 4 |  4.4
Maces & Flails | 3 4 5 |  5.3
Armour         | 4 |  4.8
Dodging        | 1 |  1.4
Stealth        | 1 |  1.0

Action                   |  1- 3 |  4- 6 |  7- 9 || total
-------------------------+-------+-------+-------++-------
Melee: Flail             |   129 |   227 |   149 ||   505
       Kick              |       |    22 |    38 ||    60
  Use: Potion            |     4 |     5 |     3 ||    12
       Scroll            |     2 |     7 |     4 ||    13
  Eat: Chunk             |       |     7 |     5 ||    12
Armor: Scale mail        |    68 |   118 |    48 ||   234
       Chain mail        |       |       |    29 ||    29
Dodge: Dodged            |    44 |    78 |    57 ||   179
Block: Shield            |    70 |   149 |    99 ||   318
